 Dungeon Crawl Stone Soup version 0.18.1-6-gd335043 (webtiles) character file.

142324 pipel the Slayer (level 17, -33/211 HPs)
             Began as an Ogre Berserker on May 16, 2016.
             Was the Champion of Trog.
             Killed from afar by a deep elf high priest (35 damage)
             ... with damnation
             ... on level 3 of the Elven Halls.
             The game lasted 01:30:18 (22948 turns).

pipel the Slayer (Ogre Berserker)                  Turns: 22948, Time: 01:30:19

Health: -33/211    AC: 12    Str: 37    XL:     17   Next: 35%
Magic:  15/17      EV: 27    Int:  9    God:    Trog [******]
Gold:   906        SH:  3    Dex: 17    Spells: 0 memorised, 16 levels left

rFire  + . .     SeeInvis .     a - +8 giant club (flame)
rCold  . . .     Gourm    .     x - +1 troll leather armour
rNeg   . . .     Faith    .     (shield currently unavailable)
rPois  +         Spirit   .     I - +1 hat {Int+3}
rElec  +         Dismiss  .     l - +2 cloak
rCorr  .         Reflect  +     (gloves unavailable)
SustAt .         Harm     .     (boots unavailable)
MR     +++..     Rnd*Tele +     A - +3 amulet of reflection
Stlth  +.........               Y - ring of Faty {Str+7 Dex+3}
                                W - +6 ring of evasion

@: about to teleport, very slightly contaminated, regenerating, hasted, very
quick, extremely resistant to hostile enchantments, very unstealthy
A: unfitting armour, antennae 1, rugged brown scales 1, agile 2, blurry vision
1, fire resistance 1, low mp 1, poison resistance, electricity resistance,
teleportitis 1, tough skin 1, no device heal 1, subdued magic 1, MP-powered
wands
a: Berserk, Trog's Hand, Brothers in Arms, Burn Spellbooks, Renounce Religion


You were on level 3 of the Elven Halls.
You worshipped Trog.
Trog was exalted by your worship.
You were very hungry.

You visited 4 branches of the dungeon, and saw 27 of its levels.
You also visited: Labyrinth and Sewer.

You collected 2448 gold pieces.
You spent 1542 gold pieces at shops.

Inventory:

Hand Weapons
 a - a +8 giant club of flaming (weapon)
 r - the +6 giant spiked club of Tartarus {freeze, MR+ Str+3}
   (Trog gifted it to you on level 6 of the Lair of Beasts)

   It has been specially enchanted to freeze those struck by it, causing extra
   injury to most foes and up to half again as much damage against particularly
   susceptible opponents.
   It can also slow down cold-blooded creatures.
   It affects your strength (+3).
   It affects your resistance to hostile enchantments.
Armour
 l - a +2 cloak (worn)
 t - a fire dragon hide
 x - a +1 troll leather armour (worn)
 I - a +1 hat of intelligence (worn)
 K - a +2 robe of resistance
Rods
 b - a +4 rod of clouds (7/10)
   (You found it in a labyrinth)
Jewellery
 g - an uncursed ring of protection from fire
 q - an uncursed ring of flight
 s - an uncursed ring of resist corrosion
 A - a +3 amulet of reflection (around neck)
 H - the ring of Ipyog {SustAt rPois rC+ MR- Dex+2}
   (You found it in a labyrinth)

   [ring of sustain attributes]

   It sustains your strength, intelligence and dexterity.
   It affects your dexterity (+2).
   It protects you from cold.
   It protects you from poison.
   It affects your resistance to hostile enchantments.
 W - a +6 ring of evasion (left hand)
 Y - the ring of Faty (right hand) {Str+7 Dex+3}
   (You found it on level 1 of the Lair of Beasts)

   [ring of dexterity]

   It affects your strength (+7).
   It affects your dexterity (+3).
Wands
 e - a wand of digging (11/24)
 B - a wand of polymorph (2/24)
 O - a wand of disintegration (17/24)
Scrolls
 o - 2 scrolls of teleportation
 p - 10 scrolls of identify
 u - 4 scrolls of remove curse
 v - 5 scrolls of magic mapping
 w - 7 scrolls of fog
 y - 5 scrolls of enchant weapon
 z - 2 scrolls of recharging
 S - 4 scrolls of fear
 V - 2 scrolls of immolation
Potions
 d - 2 potions of flight
 h - 2 potions of invisibility
 j - 3 potions of agility
 k - 2 potions of haste
 D - a potion of resistance
 E - 10 potions of curing
 F - 2 potions of lignification
 G - 2 potions of cancellation
 R - 2 potions of cure mutation
Miscellaneous
 C - a phial of floods (inert)
 J - a lamp of fire (inert)
 L - a sack of spiders {used: 4}
 P - a box of beasts {used: 2}
 U - a stone of tremors (inert)
 X - a fan of gales (inert)
Comestibles
 c - 16 bread rations
 f - 13 meat rations
 i - 17 fruits
 n - 2 slices of pizza
 M - 12 beef jerkies


   Skills:
 + Level 21.4 Fighting
 + Level 19.6 Maces & Flails
 + Level 1.8 Throwing
 - Level 4.7 Armour
 + Level 16.1 Dodging
 - Level 0.1 Stealth
 + Level 3.3 Evocations


You had 16 spell levels left.
You didn't know any spells.

Dungeon Overview and Level Annotations

Branches:
Dungeon (14/15)            Temple (0/1) D:5            Lair (8/8) D:9
 Shoals (0/4) Lair:3       Spider (0/4) Lair:5        Slime (0/6) Lair:7
    Orc (2/2) D:11            Elf (3/3) Orc:2        Vaults (0/5) D:13

Altars:
Ashenzari
Cheibriados
Dithmenos
Elyvilon
Gozag
Kikubaaqudgha
Makhleb
Pakellas
Qazlal
Ru
Sif Muna
Trog
Vehumet
Yredelemnul
Beogh

Shops:
D:6 %   Orc:2 !!(}   Elf:1 [   Elf:3 %

Portals:
Pandemonium: Orc:2

Annotations:
D:8 eeldvark's ghost, novice NaWr
Elf:3 1 exclusion


Innate Abilities, Weirdness & Mutations

You are too large for most types of armour.
You have tough skin (AC +1).
You have a pair of small antennae on your head.
You are partially covered in rugged brown scales (AC +1, +3% HP).
You are very agile. (Dex +4)
Scrolls take you a little longer to read.
Your flesh is heat resistant.
Your magical capacity is low (-10% MP).
Your system is resistant to poisons.
You are resistant to electric shocks.
You are occasionally teleported next to monsters.
Potions and wands are less effective at restoring your health.
Your spells are a little easier to cast, but a little less powerful.
You expend magic power (3 MP) to strengthen your wands.


Message History

Trog shields your ally from puny magic!
Your juvenile shockfire beast disappears in a puff of smoke!
Trog shields your ally from puny magic!
Send 'em back where they came from!
Trog shields your ally from puny magic! x2
You block the cacodemon's attack. The cacodemon completely misses you.
The hellwing misses you. The hellwing closely misses you.
You regained 12 hp, and now have 21/211 hp.
Evoke which item? (* to show all) (? for menu, Esc to quit)
Okay, then.
Your troll goes berserk!
You feel somewhat more hungry. The small abomination hits you.
* * * LOW HITPOINT WARNING * * *
The deep elf mage mumbles some strange words.
The deep elf mage blinks!
The red devil completely misses you. The dire flail of holy wrath hits you!!
* * * LOW HITPOINT WARNING * * *
The deep elf high priest mumbles some strange prayers to its god against you.
The damnation unfurls!
The damnation engulfs you!
You die...

.......# ##.......
.......# ##.......§.....
.......#{#.......e......
.......#{#...a.e........
.......#{#...4*e........
.##.##.###..aeee*.3.....
.##.....##...§§eeEe.....
.......###....4e224.)...
........##..§.3(@e4.xe).
........##.###.4.xx##4##
........##.#..§T.####)#
........##.....### #1#
.......<##...## #)#
....(...##.## #.#
#.#.#...## #E#
##...##.##### ...### ###
## #...####....#
#.#....###.# #.


You could see a cacodemon, 2 deep elf master archers, 2 deep elf death magi, a
ghostly deep elf sorcerer, a ghostly deep elf elementalist, 3 deep elf
demonologists, a deep elf high priest (inner flame), a hellwing, 3 rust devils,
a water elemental, a deep elf mage, a ghostly deep elf mage, 2 smoke demons, a
tormentor, 2 red devils, 2 small abominations, a lost soul, a dire flail of holy
wrath, a battlesphere, a crawling corpse, a friendly troll (berserk) and 2
friendly soldier ants.

Vanquished Creatures
  2 deep elf blademasters (Elf:3)
  Gastronok (Lair:2)
  Kirke (Lair:7)
  Maud (Lair:8)
  A deep elf sorcerer (Elf:3)
  A deep elf elementalist (Elf:3)
  2 deep elf annihilators (Elf:3)
  3 deep elf demonologists (Elf:3)
  A vault guard (D:13)
  Snorg (Lair:7)
  A deep elf death mage (Elf:3)
  A minotaur (Lab)
  A deep elf high priest (Elf:3)
  6 hydras
  Fannar (Lair:2)
  Erolcha (D:8)
  A centaur warrior (D:14)
  A catoblepas (Lair:5)
  A death knight (D:13)
  20 dancing weapons
  2 tengu warriors (D:14)
  4 death yaks (Lair:8)
  Urug (Lair:3)
  7 orc high priests
  13 deep elf knights
  Nergalle (Lair:2)
  2 skeletal warriors (D:13)
  An unseen horror (D:13)
  A gelid demonspawn (Orc:2)
  An infernal demonspawn (Orc:2)
  Pikel (D:9)
  7 hill giants
  5 deep elf archers
  2 putrid demonspawn (Orc:2)
  A phantasmal warrior (D:13)
  An oklob plant (Lair:7)
  6 orc sorcerers (Orc:2)
  2 griffons
  4 orc knights (Orc:2)
  33 deep elf magi
  A shining eye (Lair:7)
  2 cyclopes
  10 ugly things
  Maurice (D:8)
  14 elephants
  4 black mambas
  Psyche (D:12)
  A centaur skeleton (D:11)
  An orange demon (Orc:2)
  18 spiny frogs
  A rime drake (shapeshifter) (D:14)
  6 komodo dragons
  A kobold demonologist (D:13)
  A hellwing (Orc:2)
  A yaktaur (D:12)
  8 trolls
  8 slime creatures
  3 two-headed ogres
  3 giant leeches (Lair:8)
  28 blink frogs
  A raiju (shapeshifter) (Elf:3)
  A snapping turtle (Lair:3)
  A vampire (D:14)
  2 ynoxinuls (Orc:2)
  2 air elementals
  2 shadows (D:14)
  The ghost of epen the Grasshopper, an amateur SpWr (D:5)
  2 wraiths (D:13)
  61 yaks
  A water elemental (Elf:1)
  4 fire elementals
  2 hogs
  A basilisk (shapeshifter) (D:14)
  2 wyverns
  Grum (D:8)
  3 hungry ghosts
  11 hippogriffs
  9 vampire mosquitoes
  5 basilisks
  A neqoxec (Orc:2)
  Edmund (D:4)
  3 wargs
  8 porcupines
  10 water moccasins
  27 orc warriors
  7 sky beasts
  4 slaves (D:9)
  2 black bears (D:13)
  3 phantoms
  4 ice beasts
  4 wolves
  15 ogres
  6 centaurs
  14 crocodiles
  6 big kobolds
  26 giant frogs
  3 earth elementals
  4 scorpions
  9 killer bees
  4 wights
  3 electric eels
  2 centaur zombies
  3 giant frog zombies
  10 crimson imps
  A lava snake (Lair:8)
  17 orc priests
  5 hounds
  4 jellies
  16 orc wizards
  4 giant frog skeletons
  2 hell rats (Lair:7)
  13 iguanas
  9 worker ants
  A killer bee zombie (D:7)
  28 sheep
  A worker ant zombie (D:9)
  A hound skeleton (D:5)
  7 gnolls
  27 adders
  41 river rats
  A shadow imp (D:12)
  3 oozes (Sewer)
  An adder skeleton (D:6)
  An adder zombie (D:5)
  12 worms
  A dart slug (D:3)
  8 giant geckos
  48 orcs
  6 giant cockroaches
  10 goblins
  6 hobgoblins
  11 jackals
  3 quokkas (D:4)
  A ball python (Sewer)
  9 bats
  2 giant newts
  24 kobolds
  21 rats
892 creatures vanquished.

Vanquished Creatures (collateral kills)
  A deep elf elementalist (Elf:3)
  A chaos spawn (Orc:2)
  2 orcs (Orc:2)
4 creatures vanquished.

Vanquished Creatures (others)
  2 deep elf elementalists (Elf:3)
  A dancing weapon (Elf:2)
  A deep elf mage (Elf:3)
  2 humans (Lair:7)
  A sheep (Lair:8)
  3 river rats (Lair:7)
  A kobold (D:3)
  18 fungi
  18 plants
47 creatures vanquished.

Grand Total: 943 creatures vanquished

Notes
Turn   | Place    | Note
--------------------------------------------------------------
     0 | D:1      | pipel the Ogre Berserker began the quest for the Orb.
     0 | D:1      | Reached XP level 1. HP: 24/24 MP: 1/1
   152 | D:1      | Reached XP level 2. HP: 7/33 MP: 2/2
   690 | D:1      | Reached ** piety under Trog
   713 | D:1      | Reached XP level 3. HP: 40/40 MP: 3/3
  1239 | D:2      | Reached skill level 5 in Fighting
  1239 | D:2      | Reached XP level 4. HP: 50/50 MP: 4/4
  1357 | D:2      | Reached skill level 5 in Maces & Flails
  1578 | D:2      | Found a stormy altar of Qazlal.
  1987 | D:3      | Reached XP level 5. HP: 57/57 MP: 5/5
  2017 | D:3      | Reached *** piety under Trog
  2310 | D:3      | Found a shattered altar of Ashenzari.
  2358 | D:3      | Found a white marble altar of Elyvilon.
  2576 | D:4      | Found a glowing drain.
  2600 | Sewer    | Entered a sewer
  2619 | Sewer    | Noticed a big kobold
  2638 | Sewer    | Killed a big kobold
  2638 | Sewer    | Reached XP level 6. HP: 56/67 MP: 6/6
  2773 | Sewer    | Reached skill level 6 in Fighting
  2914 | Sewer    | Reached **** piety under Trog
  2977 | Sewer    | Reached skill level 5 in Dodging
  2977 | Sewer    | Reached XP level 7. HP: 63/76 MP: 7/7
  3262 | D:4      | Noticed Edmund
  3272 | D:4      | Killed Edmund
  3471 | D:4      | Reached skill level 7 in Fighting
  3508 | D:4      | Reached XP level 8. HP: 70/87 MP: 8/8
  3706 | D:5      | Entered Level 5 of the Dungeon
  3710 | D:5      | Gained mutation: Your magical capacity is low (-10% MP). [potion of mutation]
  3710 | D:5      | Gained mutation: Scrolls take you a little longer to read. [potion of mutation]
  3710 | D:5      | Gained mutation: You are dopey. (Int -2) [potion of mutation]
  3711 | D:5      | Gained mutation: You are agile. (Dex +2) [potion of mutation]
  3711 | D:5      | Gained mutation: You are very dopey. (Int -4) [potion of mutation]
  3711 | D:5      | Gained mutation: You have sharp toenails. [potion of mutation]
  3751 | D:5      | Lost mutation: Your magical capacity is low (-10% MP). [potion of cure mutation]
  3751 | D:5      | Lost mutation: You are very dopey. (Int -4) [potion of cure mutation]
  3751 | D:5      | Lost mutation: You have sharp toenails. [potion of cure mutation]
  3827 | D:5      | Reached ***** piety under Trog
  3859 | D:5      | Found a staircase to the Ecumenical Temple.
  4095 | D:5      | Noticed epen's ghost (amateur SpWr)
  4110 | D:5      | Killed epen's ghost
  4110 | D:5      | Reached skill level 8 in Fighting
  4138 | D:5      | Found a sacrificial altar of Ru.
  4274 | D:6      | You fall through a shaft!
  4276 | D:7      | Found a burning altar of Makhleb.
  4311 | D:7      | Reached XP level 9. HP: 84/96 MP: 9/9
  4476 | D:7      | Noticed a moth of wrath
  4479 | D:7      | Found a bloodstained altar of Trog.
  4569 | D:7      | Found a shadowy altar of Dithmenos.
  4791 | D:8      | Noticed eeldvark's ghost (novice NaWr)
  4814 | D:7      | Found a shadowy altar of Dithmenos.
  4863 | D:7      | You fall through a shaft!
  4972 | D:7      | Found a burning altar of Makhleb.
  5102 | D:6      | Reached skill level 9 in Fighting
  5136 | D:6      | Found Rikuiclo's Food Emporium.
  5157 | D:6      | Reached skill level 10 in Maces & Flails
  5250 | D:6      | Found an ancient bone altar of Kikubaaqudgha.
  5262 | D:6      | Found a radiant altar of Vehumet.
  5264 | D:6      | Found a deep blue altar of Sif Muna.
  5269 | D:6      | Identified Kikubaaqudgha's Handbook of Evil
  5603 | D:7      | Found a bloodstained altar of Trog.
  5623 | D:8      | Noticed Erolcha
  5781 | D:9      | Noticed Pikel
  5807 | D:9      | Killed Pikel
  5807 | D:9      | Reached skill level 10 in Fighting
  5807 | D:9      | Reached XP level 10. HP: 94/110 MP: 10/10
  6066 | D:9      | Found a staircase to the Lair.
  6407 | D:8      | Killed Erolcha
  6407 | D:8      | Reached skill level 1 in Armour
  6437 | D:8      | Noticed Grum
  6445 | D:8      | Killed Grum
  6445 | D:8      | Reached skill level 11 in Fighting
  6735 | D:8      | Noticed Maurice
  6747 | D:8      | Killed Maurice
  6925 | D:9      | Reached skill level 10 in Dodging
  6940 | D:10     | Entered Level 10 of the Dungeon
  7007 | D:10     | Received a gift from Trog
  7031 | D:10     | Noticed a hill giant
  7036 | D:10     | Killed a hill giant
  7036 | D:10     | Reached XP level 11. HP: 122/122 MP: 11/11
  7178 | D:10     | Lost mutation: Scrolls take you a little longer to read. [mutagenic meat]
  7179 | D:10     | Gained mutation: Your magical capacity is low (-10% MP). [mutagenic meat]
  7181 | D:10     | Gained mutation: You expend magic power (3 MP) to strengthen your wands. [mutagenic meat]
  7182 | D:10     | Lost mutation: You expend magic power (3 MP) to strengthen your wands. [mutagenic meat]
  7360 | D:10     | Noticed a hill giant
  7368 | D:10     | Killed a hill giant
  7390 | D:10     | Gained mutation: Potions and wands are less effective at restoring your health. [mutagenic meat]
  7391 | D:10     | Gained mutation: Your system is resistant to poisons. [mutagenic meat]
  7392 | D:10     | Gained mutation: You are robust (+10% HP). [mutagenic meat]
  7393 | D:10     | Lost mutation: You are robust (+10% HP). [mutagenic meat]
  7394 | D:10     | Gained mutation: You have a pair of small antennae on your head. [mutagenic meat]
  7745 | D:10     | Found an ancient bone altar of Kikubaaqudgha.
  7783 | D:10     | Noticed a hill giant
  7790 | D:10     | Killed a hill giant
  7790 | D:10     | Reached skill level 12 in Fighting
  7797 | D:10     | Found a snail-covered altar of Cheibriados.
  8166 | D:11     | Found a roughly hewn altar of Beogh.
  8170 | D:11     | Found a staircase to the Orcish Mines.
  8353 | D:11     | Noticed a hill giant
  8360 | D:11     | Killed a hill giant
  8935 | D:12     | Reached skill level 13 in Fighting
  8946 | D:12     | Found a labyrinth entrance.
  8967 | Lab      | Entered a labyrinth
  9102 | Lab      | Noticed a minotaur
  9107 | Lab      | Killed a minotaur
  9107 | Lab      | Reached XP level 12. HP: 136/136 MP: 11/11
  9113 | Lab      | Identified the Tome of Calling and the Frostbite
  9113 | Lab      | Got a twitching lead ring
  9117 | Lab      | Identified the ring of Ipyog {SustAt rPois rC+ MR- Dex+2} (You found it in a labyrinth)
  9232 | D:12     | Found an oddly glowing altar of Pakellas.
  9516 | D:12     | Noticed Psyche
  9517 | D:12     | Paralysed by Psyche for 6 turns
  9524 | D:12     | Killed Psyche
  9540 | D:12     | Noticed a four-headed hydra
  9554 | D:12     | Killed a four-headed hydra
  9815 | D:12     | Received a gift from Trog
  9823 | D:12     | Identified a +5 rod of inaccuracy (14/14) (You found it in a labyrinth)
  9824 | D:12     | Identified a +4 rod of clouds (10/10) (You found it in a labyrinth)
 10029 | D:13     | Reached skill level 14 in Fighting
 10029 | D:13     | Reached skill level 15 in Maces & Flails
 10192 | D:13     | Noticed a death knight
 10448 | D:14     | Reached XP level 13. HP: 148/148 MP: 9/12
 10466 | D:14     | Reached skill level 1 in Evocations
 10484 | D:14     | Reached skill level 1 in Throwing
 10488 | D:14     | Reached skill level 15 in Fighting
 10508 | D:14     | Gained mutation: Your spells are a little easier to cast, but a little less powerful. [mutagenic meat]
 10510 | D:14     | Gained mutation: You are partially covered in rugged brown scales (AC +1, +3% HP). [mutagenic meat]
 10511 | D:14     | Gained mutation: Your flesh is heat resistant. [mutagenic meat]
 10512 | D:14     | Lost mutation: You are dopey. (Int -2) [mutagenic meat]
 10513 | D:14     | Gained mutation: You are very agile. (Dex +4) [mutagenic meat]
 10515 | D:14     | Gained mutation: You are occasionally teleported next to monsters. [mutagenic meat]
 10862 | D:14     | Found an opulent altar of Gozag.
 11116 | D:13     | Noticed a vault guard
 11188 | D:13     | Reached ****** piety under Trog
 11439 | D:13     | Found a gate to the Vaults.
 11448 | D:13     | Killed a vault guard
 11450 | D:13     | Got a warped dire flail {crush}
 11459 | D:13     | Identified the cursed +0 dire flail of Exchange {crush, Int+4} (You took it off a vault guard on level 13 of the Dungeon)
 11573 | D:9      | Received a gift from Trog
 11633 | Lair:1   | Entered Level 1 of the Lair of Beasts
 11716 | Lair:1   | Got a scorched amber ring
 11718 | Lair:1   | Identified the ring of Faty {Str+7 Dex+3} (You found it on level 1 of the Lair of Beasts)
 12314 | Lair:2   | Noticed Fannar
 12333 | Lair:2   | Killed Fannar
 12394 | Lair:2   | Noticed Nergalle
 12401 | Lair:2   | Killed Nergalle
 12418 | Lair:2   | Reached XP level 14. HP: 165/165 MP: 14/14
 12472 | Lair:2   | Noticed Gastronok
 12487 | Lair:2   | Killed Gastronok
 12487 | Lair:2   | Reached skill level 16 in Fighting
 12685 | Lair:2   | Received a gift from Trog
 13234 | Lair:3   | Found a staircase to the Shoals.
 13354 | Lair:3   | Noticed Urug
 13357 | Lair:3   | Killed Urug
 14876 | Lair:5   | Found a hole to the Spider Nest.
 15393 | Lair:6   | Received a gift from Trog
 15417 | Lair:6   | Got a brightly glowing giant spiked club {god gift}
 15418 | Lair:6   | Identified the +6 giant spiked club of Tartarus {freeze, MR+ Str+3} (Trog gifted it to you on level 6 of the Lair of Beasts)
 15837 | Lair:6   | Reached skill level 17 in Fighting
 16357 | Lair:7   | Noticed Kirke
 16444 | Lair:7   | Killed Kirke
 16510 | Lair:7   | Found a staircase to the Slime Pits.
 16530 | Lair:7   | Gained mutation: You expend magic power (3 MP) to strengthen your wands. [a shining eye]
 16542 | Lair:7   | Reached XP level 15. HP: 179/179 MP: 15/15
 16816 | Lair:7   | Found a basalt altar of Yredelemnul.
 17405 | Lair:8   | Entered Level 8 of the Lair of Beasts
 17461 | Lair:8   | Noticed Snorg
 17475 | Lair:7   | Killed Snorg
 17476 | Lair:7   | Reached skill level 18 in Fighting
 17479 | Lair:7   | Received a gift from Trog
 17544 | Lair:8   | Got a smoking flail
 17545 | Lair:8   | Identified the +1 flail of Modesty {pain, rPois Int+3 Dex+4} (You found it on level 8 of the Lair of Beasts)
 17773 | Lair:8   | Received a gift from Trog
 17867 | Lair:8   | Found a snail-covered altar of Cheibriados.
 17955 | Lair:8   | Noticed Maud
 17960 | Lair:8   | Killed Maud
 18746 | Orc:1    | Entered Level 1 of the Orcish Mines
 18858 | Orc:1    | Received a gift from Trog
 19063 | Orc:2    | Entered Level 2 of the Orcish Mines
 19063 | Orc:2    | Found a staircase to the Elven Halls.
 19132 | Orc:2    | Reached skill level 19 in Fighting
 19149 | Orc:2    | Found a frozen archway.
 19377 | Orc:2    | Found Vyot's Distillery.
 19378 | Orc:2    | Found Pylius's Distillery.
 19728 | Orc:2    | Reached XP level 16. HP: 187/196 MP: 16/16
 19734 | Orc:2    | Received a gift from Trog
 19808 | Orc:2    | Found Xewooneff's Antique Weapon Boutique.
 19808 | Orc:2    | Found a one-way gate leading to the halls of Pandemonium.
 19808 | Orc:2    | Found Zuymoh's Gadget Shop.
 19995 | Orc:2    | Bought a potion of beneficial mutation for 490 gold pieces
 19995 | Orc:2    | Gained mutation: You are resistant to electric shocks. [potion of beneficial mutation]
 19996 | Orc:2    | Bought a potion of invisibility for 112 gold pieces
 19996 | Orc:2    | Bought a potion of haste for 140 gold pieces
 19996 | Orc:2    | Bought a potion of haste for 140 gold pieces
 20025 | Orc:2    | Bought a box of beasts for 220 gold pieces
 20025 | Orc:2    | Bought a phial of floods for 440 gold pieces
 20083 | Elf:1    | Entered Level 1 of the Elven Halls
 20107 | Elf:1    | Reached skill level 20 in Fighting
 20210 | Elf:1    | Received a gift from Trog
 20211 | Elf:1    | Got a translucent giant spiked club {god gift}
 20212 | Elf:1    | Identified the +10 giant spiked club "Mubidel" {drain, MR+} (Trog gifted it to you on level 1 of the Elven Halls)
 20276 | Elf:1    | Reached skill level 15 in Dodging
 20694 | Elf:1    | Found Qareto's Armour Shoppe.
 20757 | Elf:1    | Found a deep blue altar of Sif Muna.
 22035 | Elf:2    | Found a runed gate.
 22035 | Elf:2    | Found a runed gate.
 22036 | Elf:2    | Found a runed gate.
 22052 | Elf:2    | Received a gift from Trog
 22095 | Elf:2    | Reached skill level 21 in Fighting
 22190 | Elf:2    | Reached XP level 17. HP: 211/211 MP: 17/17
 22317 | Elf:3    | Entered Level 3 of the Elven Halls
 22420 | Elf:3    | Found Pocy's Food Boutique.
 22915 | Elf:3    | Noticed a deep elf blademaster
 22916 | Elf:3    | Noticed a deep elf blademaster
 22919 | Elf:3    | Noticed a Tzitzimitl
 22922 | Elf:3    | Noticed an Executioner
 22922 | Elf:3    | Killed a deep elf blademaster
 22924 | Elf:3    | Killed a deep elf blademaster
 22927 | Elf:3    | Noticed a deep elf master archer
 22938 | Elf:3    | HP: 6/211 [dire flail of holy wrath (18)]
 22944 | Elf:3    | Noticed a deep elf master archer
 22944 | Elf:3    | Gained mutation: Scrolls take you a little longer to read. [a cacodemon]
 22944 | Elf:3    | HP: 6/211 [smoke demon/divine providence[a deep elf demonologist] (12)]
 22948 | Elf:3    | HP: 2/211 [dire flail of holy wrath (18)]
 22948 | Elf:3    | Killed from afar by a deep elf high priest

Skill      XL: |  1  2  3  4  5  6  7  8  9 10 11 12 13 14 15 16 17 |
---------------+----------------------------------------------------+-----
Dodging        | 3 4 5 7 9 10 11 12 14 15 16 | 16.1
Fighting       | 5 6 7 8 10 11 13 14 15 17 19 21 | 21.4
Maces & Flails | 5 6 7 9 10 11 14 15 17 19 | 19.6
Armour         | 2 3 4 |  4.7
Evocations     | 2 3 |  3.3
Throwing       | 1 |  1.8
Stealth        | |  0.1

Action                   |  1- 3 |  4- 6 |  7- 9 | 10-12 | 13-15 | 16-18 || total
-------------------------+-------+-------+-------+-------+-------+-------++-------
Melee: Mace              |    65 |   181 |    47 |       |       |       ||   293
       Flail             |       |       |   230 |    72 |       |       ||   302
       Giant club        |       |       |       |   326 |   848 |   313 ||  1487
Throw: Throwing net      |       |       |     1 |     1 |       |     2 ||     4
       Large rock        |       |       |       |       |     3 |    11 ||    14
Invok: Berserk           |     2 |     2 |    11 |    17 |     6 |     2 ||    40
       Trog's Hand       |       |       |     1 |     1 |     2 |     5 ||     9
       Brothers in Arms  |       |       |       |       |       |     1 ||     1
Evoke: Wand              |       |       |       |     1 |    12 |     1 ||    14
       Rod               |       |       |       |     5 |    17 |     4 ||    26
       Lamp of fire      |       |       |       |       |     1 |     2 ||     3
       Stone of tremors  |       |       |       |       |     1 |     2 ||     3
       Sack of spiders   |       |       |       |       |       |     5 ||     5
       Fan of gales      |       |       |       |       |       |     3 ||     3
       Box of beasts     |       |       |       |       |       |     2 ||     2
       Phial of floods   |       |       |       |       |       |     1 ||     1
  Use: Scroll            |     4 |     5 |     4 |     3 |    15 |     9 ||    40
       Potion            |       |       |    13 |       |       |     9 ||    22
 Stab: Sleeping          |     1 |       |     2 |     1 |     2 |       ||     6
       Distracted        |       |       |       |     1 |     1 |       ||     2
       Confused          |       |       |       |       |     5 |     1 ||     6
       Held in net/web   |       |       |       |       |       |     1 ||     1
  Eat: Chunk             |     2 |     9 |    17 |    39 |    47 |    15 ||   129
       Beef jerky        |       |       |     2 |       |     1 |       ||     3
       Meat ration       |       |       |     1 |       |       |       ||     1
       Bread ration      |       |       |       |     1 |       |       ||     1
       Royal jelly       |       |       |       |     1 |     1 |       ||     2
       Pizza             |       |       |       |     1 |     2 |       ||     3
Armor: Animal skin       |    14 |    53 |    52 |     6 |       |       ||   125
       Troll leather arm |       |       |       |    54 |    85 |    37 ||   176
Dodge: Dodged            |    43 |   101 |   157 |   247 |   627 |   308 ||  1483
Block: Other             |       |       |       |       |    58 |    26 ||    84
       Reflection        |       |       |       |       |       |     4 ||     4
